 Dungeon Crawl Stone Soup version 0.30-a0-870-gc5d4c5acee (webtiles) character file.

Game seed: 1741174551436039575

1370 lessens the Cleaver (level 8, -5/64 HPs)
             Began as a Hill Orc Cinder Acolyte on Mar 11, 2023.
             Was an Initiate of Beogh.
             Slain by a fire elemental (9 damage)
             ... created by the fiery vengeance of Ignis
             ... on level 4 of the Dungeon.
             The game lasted 00:09:12 (5550 turns).

lessens the Cleaver (Hill Orc Cinder Acolyte)       Turns: 5550, Time: 00:09:13

Health: -5/64      AC: 10    Str: 19    XL:     8   Next: 65%
Magic:  18/18      EV:  7    Int: 14    God:    Beogh [......]
Gold:   530        SH:  0    Dex:  6    Spells: 9/9 levels left

rFire   . . .      SeeInvis .    p - +0 war axe
rCold   . . .      Faith    .    (no shield)
rNeg    . . .      Spirit   .    y - +0 chain mail
rPois   .          Reflect  .    d - +0 helmet
rElec   .          Rampage  .    (no cloak)
rCorr   +                        (no gloves)
Will    .....                    (no boots) Stlth
                                 (no amulet)
HPRegen 0.30/turn                q - ring of magical power
MPRegen 0.16/turn                r - ring of resist corrosion

@: about to teleport, fire susceptible
A: no striking features
a: Renounce Religion


You were on level 4 of the Dungeon.
You worshipped Beogh.
Beogh was noncommittal.
You visited 1 branch of the dungeon, and saw 6 of its levels.
You also visited: Ossuary.

You collected 530 gold pieces.

Inventory:

Hand Weapons
 a - a -1 hand axe of flaming
 p - a +0 war axe (weapon)
 H - the +7 flail "Doluq" {pain, rElec}
   (You found it on level 5 of the Dungeon)

   rElec:     It insulates you from electricity.
Missiles
 c - 59 stones
 B - 2 boomerangs (quivered)
Armour
 b - a +0 robe
 d - a +0 helmet (worn)
 m - a +0 scale mail
 y - a +0 chain mail (worn)
Jewellery
 q - a ring of magical power (left hand)
 r - a ring of resist corrosion (right hand)
 C - a ring of flight
Scrolls
 f - 10 scrolls of identify {unknown}
 g - a scroll of enchant armour {unknown}
 i - 2 scrolls of poison {unknown}
 j - a scroll of brand weapon {unknown}
 k - a scroll of magic mapping {unknown}
 l - 2 scrolls of fear {unknown}
 n - 2 scrolls of noise {unknown}
 o - 2 scrolls of amnesia
 v - 2 scrolls of fog {unknown}
 x - a scroll of blinking {unknown}
 E - a scroll of vulnerability {unknown}
 G - 2 scrolls of enchant weapon {unknown}
Potions
 h - 5 potions of curing
 s - a potion of brilliance {unknown}
 u - a potion of cancellation
 w - 2 potions of haste {unknown}
 z - a potion of magic {unknown}
 A - a potion of attraction
 D - a potion of resistance {unknown}
 F - a potion of lignification {unknown}


   Skills:
 - Level 3.6 Fighting
 * Level 12.8 Axes
 + Level 4.3 Armour
 - Level 1.0 Spellcasting
 - Level 3.2 Fire Magic


You had 9 spell levels left.
You didn't know any spells.
Your spell library contained the following spells:

 Spells                   Type           Power      Damage    Failure   Level
 Scorch                   Fire           18%        2d5       75%         2
 Ensorcelled Hibernation  Hex/Ice        0%         N/A       99%         2
 Passwall                 Tmut/Erth      0%         N/A       99%         2
 Swiftness                Air            0%         N/A       100%        3
 Cause Fear               Hex            0%         N/A       100%        4
 Dragon Form              Tmut           0%         N/A       100%        7
 Dragon's Call            Summ           0%         N/A       100%        9


Dungeon Overview and Level Annotations

Branches:
Dungeon (6/15) Zot: 26518  Temple (0/1) D:5         Ossuary (visited)

Altars:
Makhleb
Ru
Yredelemnul

Shops:
D:1 *


Message History

"With a thousand fires I burned cities, but these will suffice for you!"
The divine experience drains your vigour! 2 fire elementals come into view.
You climb upwards.
The fire elemental hits you. The fire elemental burns you!
The fire elemental hits you. The fire elemental burns you!
There is a stone staircase leading down here.
The fire elemental hits you. The fire elemental burns you!
The fire elemental hits you. The fire elemental burns you!
The fire elemental barely misses you. The fire elemental hits you.
The fire elemental burns you!
* * * LOW HITPOINT WARNING * * *
The fire elemental barely misses you. The fire elemental hits you.
The fire elemental burns you!
* * * LOW HITPOINT WARNING * * *
You feel much better. The fire elemental hits you.
The fire elemental burns you!
* * * LOW HITPOINT WARNING * * *
The fire elemental hits you.
* * * LOW HITPOINT WARNING * * *
The fire elemental burns you!
* * * LOW HITPOINT WARNING * * *
You feel much better. The fire elemental hits you.
The fire elemental burns you! The fire elemental closely misses you.
The fire elemental barely misses you.
There is a stone staircase leading up here.
The fire elemental completely misses you.
The fire elemental hits you. The fire elemental burns you!
* * * LOW HITPOINT WARNING * * *
You climb upwards.
There is a stone staircase leading down here.
Unknown command.
As you read the scroll of teleportation, it crumbles to dust.
You feel strangely unstable. The fire elemental hits you.
The fire elemental burns you!
* * * LOW HITPOINT WARNING * * *
The fire elemental hits you.
* * * LOW HITPOINT WARNING * * *
The fire elemental burns you!
You die...

#.........#####.#.
#.................
#.........####...#
#................#
#..........###.#.#
#.○.......####.#..
#○.............##.
#E........#######+
#@........# ##..
#.####.#.## ##...
#........# ##....
######...####.....
#####.......+.....
#........####.....
#.###...## ##....
#)###..## ##...
#.##...# ##..


You could see a fire elemental.

Vanquished Creatures
  2 yaks (D:6)
  2 ice beasts (D:5)
  A black bear (D:6)
  2 ogres (D:4)
  2 centaurs
  A scorpion (D:4)
  A howler monkey (D:5)
  2 hounds (D:5)
  A jelly (D:5)
  A scorpion zombie (D:3)
  A hound zombie (D:3)
  8 mummies (Ossuary)
  A howler monkey zombie (D:3)
  6 adders
  A white imp (D:5)
  A worm (D:5)
  3 dart slugs
  14 orcs
  4 ball pythons
  4 endoplasms
  4 giant cockroaches
  A gnoll zombie (Ossuary)
  3 goblins (D:2)
  8 hobgoblins
  4 kobolds (D:1)
  4 quokkas
  5 bats
  4 frilled lizards
  2 hobgoblin zombies (Ossuary)
  A kobold zombie (Ossuary)
  4 orc zombies (Ossuary)
  A quokka zombie (D:3)
  2 rats
101 creatures vanquished.

Vanquished Creatures (others)
  125 foxfires
125 creatures vanquished.

Grand Total: 226 creatures vanquished

Notes
Turn   | Place    | Note
-------+----------+-------------------------------------------
     0 | D:1      | lessens the Hill Orc Cinder Acolyte began the quest for the
                  | Orb.
     0 | D:1      | Reached XP level 1. HP: 19/19 MP: 2/2
   256 | D:1      | Reached XP level 2. HP: 22/26 MP: 3/3
   381 | D:1      | Reached skill level 5 in Axes
   600 | D:1      | Found Ysituel's Assorted Antiques.
   893 | D:2      | Reached XP level 3. HP: 27/31 MP: 4/4
  1406 | D:2      | Reached skill level 6 in Axes
  1649 | D:3      | Found a basalt altar of Yredelemnul.
  1654 | D:3      | Reached XP level 4. HP: 34/39 MP: 5/5
  1751 | D:3      | Reached skill level 7 in Axes
  2101 | D:3      | Reached XP level 5. HP: 45/45 MP: 6/6
  2701 | D:4      | Reached skill level 8 in Axes
  3003 | D:4      | Found a sand-covered staircase.
  3056 | Ossuary  | Entered an ossuary
  3102 | Ossuary  | Reached XP level 6. HP: 51/51 MP: 7/7
  3120 | Ossuary  | Reached skill level 9 in Axes
  3850 | D:4      | Reached skill level 10 in Axes
  3850 | D:4      | Reached XP level 7. HP: 57/57 MP: 8/8
  3948 | D:4      | Found a burning altar of Makhleb.
  4160 | D:5      | Entered Level 5 of the Dungeon
  4193 | D:5      | Reached skill level 1 in Armour
  4199 | D:5      | Reached skill level 11 in Axes
  4337 | D:5      | Reached XP level 8. HP: 64/64 MP: 9/9
  4382 | D:5      | Fell from the grace of Ignis
  4382 | D:5      | Became a worshipper of Beogh the Brigand
  4384 | D:5      | Found a staircase to the Ecumenical Temple.
  4614 | D:5      | Identified the +7 flail "Doluq" {pain, rElec}
  5120 | D:6      | Found a sacrificial altar of Ru.
  5130 | D:6      | Noticed a yak
  5130 | D:6      | Noticed a yak
  5130 | D:6      | Noticed a yak
  5232 | D:6      | Reached skill level 12 in Axes
  5311 | D:6      | Killed a yak
  5407 | D:6      | Killed a yak
  5536 | D:5      | HP: 1/64 [fire elemental[the fiery vengeance of Ignis]
                  | (13)]
  5550 | D:4      | Slain by a fire elemental

Illustrated notes

Levels and vault maps discovered:
D:1:      dpeg_arrival_signposts, layout_loops_ring, serial_shops,
          nicolae_shop_waterfront
D:2:      layout_loops_cross, nrook_loot_triangle
D:3:      layout_basic, nicolae_yredelemnul_corpse_copse
D:4:      layout_loops_corners, lemuel_doored_altar,
          nicolae_ossuary_entry_false_entrances
D:5:      layout_basic, minmay_temple_entry_junction,
          biasface_ghost_orc_armoury, minmay_misc_feat_encased
D:6:      cheibrodos_barr_body, layout_loops_ring, nicolae_ru_path_of_blood

Skill      XL: |  1  2  3  4  5  6  7  8 |
---------------+-------------------------+-----
Axes           | 5 6 7 8 10 11 12 | 12.8
Armour         | 2 4 |  4.3
Fighting       | |  3.6
Spellcasting   | |  1.0
Fire Magic     | |  3.2

Action                     |  1- 3 |  4- 6 |  7- 9 || total
---------------------------+-------+-------+-------++-------
  Melee: Hand axe          |    62 |    14 |       ||    76
         War axe           |    41 |   133 |    49 ||   223
         Punch             |       |     1 |       ||     1
         Flail             |       |       |    20 ||    20
  Throw: Boomerang         |       |     2 |     8 ||    10
 Invoke: Foxfire Swarm     |       |     6 |     2 ||     8
         Convert to Beogh  |       |       |     1 ||     1
    Use: Potion            |       |     4 |     6 ||    10
         Scroll            |       |       |     3 ||     3
 Armour: Robe              |    11 |       |       ||    11
         Scale mail        |    26 |    36 |       ||    62
         Chain mail        |       |    44 |    51 ||    95
  Dodge: Dodged            |    56 |    49 |    38 ||   143

Table legend: (Time is in decaauts)
 A = Elapsed time spent in this place.
 B = Non-inter-level travel time spent in this place.
 C = Inter-level travel time spent in this place.
 D = Time resting spent in this place.
 E = Time spent auto-exploring this place.
 F = Levels seen in this place.
 G = Mean time per level.
                   A        B        C        D        E       F      G
               +--------+--------+--------+--------+--------+-----+--------+
         Total |   5579 |   5421 |    158 |    414 |   3810 |   7 |  797.0 |
       Dungeon |   5294 |   5136 |    158 |    414 |   3654 |   6 |  882.3 |
       Ossuary |    284 |    284 |      0 |      0 |    156 |   1 |  284.0 |
               +--------+--------+--------+--------+--------+-----+--------+

Top non-repeatable levels by time:
     D:4: 1367 daAuts
     D:3: 999 daAuts
     D:5: 952 daAuts
     D:1: 878 daAuts
     D:2: 737 daAuts
     D:6: 359 daAuts
 Ossuary: 284 daAuts
